 Dungeon Crawl Stone Soup version 0.22-a0-231-g75390ab (webtiles) character file.

37 Firecrotchwizard the Shooter (level 3, -1/25 HPs)
             Began as a High Elf Hunter on Mar 14, 2018.
             Slain by a scorpion (4 damage)
             ... on level 2 of the Dungeon.
             The game lasted 00:02:50 (1372 turns).

Firecrotchwizard the Shooter (High Elf Hunter)      Turns: 1372, Time: 00:02:51

Health: -1/25      AC:  5    Str: 11    XL:     3   Next: 21%
Magic:  4/4        EV: 13    Int: 15    God:
Gold:   57         SH:  0    Dex: 16    Spells: 2/2 levels left

rFire    + . .     SeeInvis .   b - +0 short sword
rCold    + . .     Gourm    .   (no shield)
rNeg     . . .     Faith    .   o - +0 ring mail
rPois    +         Spirit   .   (no helmet)
rElec    +         Reflect  .   (no cloak)
rCorr    +         Harm     .   (no gloves)
MR       .....                  (no boots)
Stlth    +.........             (no amulet)
HPRegen  0.08/turn              g - +2 ring of evasion
MPRegen  0.09/turn              (no ring)

@: lethally poisoned (-1 -> -9), resistant
A: no striking features
a: no special abilities


You were on level 2 of the Dungeon.
You were hungry.

You visited 1 branch of the dungeon, and saw 2 of its levels.

You collected 57 gold pieces.

Inventory:

Hand Weapons
 a - a +1 shortbow
 b - a +0 short sword (weapon)
Missiles
 d - 30 arrows
Armour
 c - a +0 leather armour
 o - a +0 ring mail (worn)
   (You found it on level 1 of the Dungeon)
Jewellery
 g - a +2 ring of evasion (left hand)
   (You found it on level 1 of the Dungeon)
 p - a cursed amulet of inaccuracy {unknown}
   (You found it on level 1 of the Dungeon)
Scrolls
 i - a scroll of identify {unknown}
 l - a scroll of fog {unknown}
 m - 2 scrolls of recharging {unknown}
 n - a scroll of noise {!r}
 r - a scroll of remove curse {unknown}
Potions
 q - a potion of flight {unknown}
 s - a potion of invisibility {unknown}
Comestibles
 f - 4 rations {@e1}
 j - 5 chunks of flesh {@w0}


   Skills:
 + Level 2.8 Fighting
 * Level 6.1 Bows
 - Level 2.1 Dodging
 + Level 1.2 Stealth


You had 2 spell levels left.
You didn't know any spells.

Dungeon Overview and Level Annotations

Branches:
Dungeon (2/15)

Altars:


Message History

Some of the chunks of flesh in your inventory have rotted away.
A hobgoblin comes into view. It is wielding a club.
The hobgoblin shouts!
You completely miss the hobgoblin.
The hobgoblin hits you but does no damage.
You hit the hobgoblin.
You kill the hobgoblin!
No target in view!
Things that are here:
a club; a hobgoblin corpse You butcher the hobgoblin corpse.
j - 4 chunks of flesh {@w0} (gained 1)
You see here a club. x2
There is a stone staircase leading down here.
A rat comes into view.
A rat is nearby!
The rat barely misses you.
Some of the chunks of flesh in your inventory have rotted away.
You hit the rat.
You kill the rat!
No target in view!
You butcher the rat corpse.
j - 3 chunks of flesh {@w0} (gained 1)
A leopard gecko comes into view.
The leopard gecko hisses angrily.
The leopard gecko closely misses you.
You hit the leopard gecko. The leopard gecko barely misses you.
You hit the leopard gecko but do no damage.
The leopard gecko closely misses you.
You hit the leopard gecko. The leopard gecko barely misses you. x2
You hit the leopard gecko.
You kill the leopard gecko!
No target in view!
You butcher the leopard gecko corpse.
j - 5 chunks of flesh {@w0} (gained 2)
You see here a leopard gecko skeleton. x2
Done exploring.
(D) Dungeon
Where to? (? - help)
You see here a leopard gecko skeleton.
There is a stone staircase leading down here.
You climb downwards.
There is a stone staircase leading up here.
You now have 57 gold pieces (gained 5).
d - 33 arrows (gained 13)
s - a silvery potion A hobgoblin comes into view.
A scorpion and a goblin come into view.
A frilled lizard comes into view.
You closely miss the hobgoblin.
The hobgoblin hits you but does no damage.
You hit the hobgoblin. The hobgoblin barely misses you.
You barely miss the hobgoblin. The hobgoblin completely misses you.
You hit the hobgoblin.
You kill the hobgoblin!
The goblin barely misses you.
You hit the goblin.
You kill the goblin!
The frilled lizard closely misses you.
You are feeling hungry.
You hit the frilled lizard.
You kill the frilled lizard!
a - a +1 shortbow (weapon)
Aim: a scorpion You shoot an arrow.
The arrow barely misses the scorpion.
The scorpion closely misses you.
Aim: a scorpion You shoot an arrow.
The arrow barely misses the scorpion.
The scorpion barely misses you.
Aim: a scorpion You shoot an arrow.
The arrow hits the scorpion but does no damage.
The scorpion stings you.
You are poisoned.
The scorpion poisons you!
You take 5 damage, and have 20/25 hp.
b - a +0 short sword (weapon)
You feel sick.
You take 1 damage, and have 19/25 hp.
You barely miss the scorpion.
You feel sick. The scorpion completely misses you.
You take 1 damage, and have 18/25 hp.
You closely miss the scorpion.
You feel sick. The scorpion stings you.
You take 7 damage, and have 11/25 hp.
MASSIVE DAMAGE!!
It was a potion of haste.
You feel yourself speed up.
You feel sick. The scorpion stings you.
* * * LOW HITPOINT WARNING * * *
You take 7 damage, and have 4/25 hp.
MASSIVE DAMAGE!!
It was a potion of cancellation.
Your magical effects are unravelling.
You feel magically purged.
You feel yourself slow down. The scorpion closely misses you.
It was a potion of resistance.
You feel protected.
* * * LOW HITPOINT WARNING * * *
You feel sick. The scorpion stings you.
You die...

####################
........##<.........
#####.####.######
#(.....s@..#
#.#.######.#
......††.......#
.#.............#
#.............#
........#.####.#
.#......... ..#
#.....##..# #.#
....!. ... ..#


You could see a scorpion.

Vanquished Creatures
  An ooze (D:1)
  2 leopard geckos (D:1)
  A giant cockroach (D:1)
  6 hobgoblins
  3 jackals (D:1)
  6 bats (D:1)
  2 frilled lizards
  3 goblins
  3 kobolds (D:1)
  2 rats (D:1)
29 creatures vanquished.

Notes
Turn   | Place    | Note
-------+----------+-------------------------------------------
     0 | D:1      | Firecrotchwizard the High Elf Hunter began the quest for the Orb.
     0 | D:1      | Reached XP level 1. HP: 14/14 MP: 2/2
    59 | D:1      | HP: 2/15 [kobold/short sword (2)]
    61 | D:1      | Reached XP level 2. HP: 3/20 MP: 3/3
   381 | D:1      | HP: 5/20 [jackal (3)]
   387 | D:1      | HP: 1/20 [kobold/dagger (2)]
  1023 | D:1      | Reached skill level 6 in Bows
  1054 | D:1      | Reached XP level 3. HP: 25/25 MP: 4/4
  1350 | D:2      | Noticed a scorpion
  1370 | D:2      | HP: 4/25 [scorpion (6)]
  1372 | D:2      | Slain by a scorpion

Vault maps used:
D:1:      dpeg_arrival_shelter
D:2:      lemuel_crystal_altar, lemuel_blue_sif_altar, grunt_gozag_statues,
          minmay_misc_feat_tower, uniq_natasha, uniq_crazy_yiuf_cottage

Skill      XL: |  1  2 |
---------------+-------+-----
Bows           | 6 |  6.1
Fighting       | |  2.8
Dodging        | |  2.1
Stealth        | |  1.2

Action                   || total
-------------------------++-------
Melee: Short sword       ||   102
 Fire: Shortbow          ||     4
  Use: Potion            ||     3
       Scroll            ||     1
 Stab: Sleeping          ||     1
  Eat: Chunk             ||     1
Armor: Leather armour    ||    25
       Ring mail         ||     2
Dodge: Dodged            ||    76

Table legend:
 A = Spawn XP
 B = Non-spawn XP
 C = Spawn XP percentage of total XP
 D = Spawn monster count
 E = Non-spawn monster count
 F = Spawn count percentage of total count
 G = Total turns spent on level
                    A         B        C        D         E        F      G
               +---------+---------+-------+---------+---------+-------+---------
         Total |       0 |      53 |   0.0 |       0 |      29 |   0.0 |  1372
               +---------+---------+-------+---------+---------+-------+---------
           D:1 |       0 |      48 |   0.0 |       0 |      26 |   0.0 |  1335
           D:2 |       0 |       5 |   0.0 |       0 |       3 |   0.0 |    37
               +---------+---------+-------+---------+---------+-------+---------

Vault maps used:
D:1:      dpeg_arrival_shelter
D:2:      lemuel_crystal_altar, lemuel_blue_sif_altar, grunt_gozag_statues,
          minmay_misc_feat_tower, uniq_natasha, uniq_crazy_yiuf_cottage

Table legend:
 A = Turns spent in this place as a percentage of turns spent in the entire game.
 B = Non-inter-level travel turns spent in this place as a percentage of non-inter-level travel turns spent in the entire game.
 C = Inter-level travel turns spent in this place as a percentage of turns spent in this place.
 D = Turns resting spent in this place as a percentage of non-inter-level travel turns spent in this place.
 E = Turns spent auto-exploring this place as a percentage of non-inter-level travel turns spent in this place.
 F = Non-inter-level travel turns spent in this place divided by the number of levels of this place that you've seen.
                   A       B       C       D       E      F
               +-------+-------+-------+-------+-------+----------------------
         Total | 100.0 | 100.0 |   2.8 |  41.8 |  40.6 | 667.0
       Dungeon | 100.0 | 100.0 |   2.8 |  41.8 |  40.6 | 667.0
               +-------+-------+-------+-------+-------+----------------------

Table legend:
 A = Kills in this place as a percentage of kills in entire the game.
 B = Kills by you in this place as a percentage of kills by you in the entire game.
 C = Kills by friends in this place as a percentage of kills by friends in the entire game.
 D = Other kills in this place as a percentage of other kills in the entire game.
 E = Experience gained in this place as a percentage of experience gained in the entire game.
 F = Experience gained in this place divided by the number of levels of this place that you have seen.
                   A       B       C       D       E      F
               +-------+-------+-------+-------+-------+----------------------
         Total | 100.0 | 100.0 |   N/A |   N/A | 100.0 |  26.5
       Dungeon | 100.0 | 100.0 |   N/A |   N/A | 100.0 |  26.5
               +-------+-------+-------+-------+-------+----------------------
